[Event "*** Titled Tuesday 3|2 Blitz"]
[Site "Chess.com"]
[Date "2015.03.03"]
[Round "6"]
[White "Tirantes"]
[Black "ChessPsych0"]
[Result "0-1"]
[WhiteElo "2126"]
[BlackElo "2094"]
[TimeControl "180+2"]
[EndTime "12:15:40 PST"]
[Termination "ChessPsych0 won on time"]

1. c4 c5 2. Nf3 Nc6 3. Nc3 g6 4. e3 d6 5. d4 cxd4 6. exd4 Bg4 7. Be2 Bg7 8. d5 Bxf3 9. Bxf3 Ne5 10. Be2 Rc8 11. Qb3 Qc7 12. Nb5 Qb8 13. Be3 a6 14.
Nd4 Nf6 15. h3 O-O 16. O-O Rfe8 17. Rac1 Ne4 18. Qc2 Nf6 19. Qb1 Rc7 20. f4 Ned7 21.
f5 Rec8 22. g4 Ne5 23. b3 b5 24. g5 Nfd7 25. cxb5 Rxc1 26. Rxc1 axb5 27. Nxb5 Rxc1+ 28. Qxc1 gxf5 29. Qc7 Qa8 30. Nc3 Nf8 31. a4 f4 32.
Bxf4 Neg6 33. Bd2 Bd4+ 34. Kf1 Bxc3 35. Qxc3 Qxd5 36. Bf3 Qf5 37. Kg2 Nh4+ 38. Kg3 Nfg6 39. a5 Nxf3 40. Qxf3 Qe5+ 41. Kf2 Qd4+ 42. Ke2 Ne5 0-1

[Event "*** Titled Tuesday 3|2 Blitz"]
[Site "Chess.com"]
[Date "2015.03.03"]
[Round "6"]
[White "SuPeR_Fm"]
[Black "FabianEnglert"]
[Result "0-1"]
[WhiteElo "2346"]
[BlackElo "2249"]
[TimeControl "180+2"]
[EndTime "12:15:44 PST"]
[Termination "FabianEnglert won by resignation"]

1. e4 c5 2. Nf3 e6 3. d4 cxd4 4.
Nxd4 a6 5. Nc3 Qc7 6. f4 b5 7. Bd3 Bb7 8. Qe2 Bc5 9. Nb3 Be7 10. Bd2 d6 11. O-O Nd7 12. Rae1 Ngf6 13. Kh1 O-O 14. e5 Nd5 15. Rf3 g6 16. Rh3 Rfe8 17.
Nxd5 Bxd5 18. Bc3 Nf8 19. Qg4 Qb7 20. f5 exf5 21. Bxf5 Bxg2+ 22. Qxg2 Qxg2+ 23. Kxg2 gxf5 24. Nd4 Ng6 25. Rg3 f4 26. Rg4 h5 27. Rxg6+ fxg6 28. e6 Bf6 29. a3 Rac8 30. Kf3 Rc4 31. Ne2 Rxe6 32. Bxf6 Rxf6 33. c3 g5 34. h3 Rg6 35.
Nd4 Rc8 36. Nf5 g4+ 37. Kxf4 Rf8 38. Rg1 g3 39. Ke4 Re6+ 40. Kf4 h4 41. Kg4 Re4+ 42.
Kg5 Re5 0-1

[Event "*** Titled Tuesday 3|2 Blitz"]
[Site "Chess.com"]
[Date "2015.03.03"]
[Round "6"]
[White "AUSSIE_PINOY"]
[Black "PauloCesarCosta"]
[Result "1-0"]
[WhiteElo "2223"]
[BlackElo "2047"]
[TimeControl "180+2"]
[EndTime "12:15:47 PST"]
[Termination "AUSSIE_PINOY won on time"]

1. d4 d5 2. Nf3 c6 3. c4 e6 4. Nc3 dxc4 5. e4 b5 6. a4 Bb4 7. e5 Ne7 8. Bd2 Bxc3 9. bxc3 O-O 10. h4 Nd7 11. Ng5 h6 12. Ne4 Nd5 13.
Nd6 f6 14. Qg4 Kh7 15. f4 f5 16. Qg3 N7b6 17. axb5 cxb5 18. Nxb5 Bb7 19. Nd6 Bc6 20.
h5 Be8 21. Nb7 Qc7 22. Nc5 Qf7 23. Qf3 Bc6 24. Qg3 Rfe8 25. Be2 Nd7 26. Nxd7 Qxd7 27. Qg6+ Kh8 28. Bxc4 Nb6 29. Bd3 Bd5 30. Rg1 Nc4 31. Bc1 Rf8 32. g4 Qf7 33. gxf5 exf5 34. Ra6 Qxg6 35. Raxg6 Rf7 36. Ra6 Rb8 37. Kf2 Nb2 38. Be2 Nc4 39. Be3 Nxe3 40. Kxe3 Rc8 41. Rc1 Bc4 42. Bxc4 Rxc4 43. Kd3 1-0

[Event "*** Titled Tuesday 3|2 Blitz"]
[Site "Chess.com"]
[Date "2015.03.03"]
[Round "6"]
[White "Aragon"]
[Black "HansCoolNiemann"]
[Result "1-0"]
[WhiteElo "1969"]
[BlackElo "1820"]
[TimeControl "180+2"]
[EndTime "12:16:02 PST"]
[Termination "Aragon won by checkmate"]

1. e4 c5 2. Nf3 d6 3. Bb5+ Bd7 4.
Bxd7+ Nxd7 5. c4 Ngf6 6. Nc3 Ne5 7. d3 e6 8. O-O Nxf3+ 9. Qxf3 Be7 10. b3 O-O 11.
Be3 Nd7 12. d4 Qa5 13. Rac1 Bf6 14. Rfd1 cxd4 15. Bxd4 Ne5 16. Qe2 Rad8 17. f4 Nd7 18. Qd2 Bxd4+ 19. Qxd4 Nf6 20. Qd2 Qh5 21. Qd3 a6 22. Qf3 Qxf3 23. gxf3 Nh5 24. Ne2 Rd7 25.
Kf2 Rfd8 26. Rc2 Kf8 27. Rcd2 Ke7 28. Ke3 f6 29. Nc3 h6 30. Na4 g5 31. fxg5 hxg5 32.
c5 Nf4 33. Nb6 d5 34. Nxd7 Rxd7 35. h4 Rc7 36. b4 a5 37. a3 axb4 38. axb4 b6 39.
hxg5 fxg5 40. exd5 Nxd5+ 41. Rxd5 exd5 42. Rxd5 bxc5 43. bxc5 Kf6 44. Ke4 Rc6 45. Rd6+ Rxd6 46. cxd6 Ke6 47. d7 Kxd7 48. Kf5 Ke7 49. Kxg5 Ke8 50. Kf6 Kf8 51.
f4 Ke8 52. Kg7 Ke7 53. f5 Kd6 54. f6 Ke5 55. f7 Ke4 56. f8=Q Ke5 57. Qf6+ Ke4 58.
Kg6 Ke3 59. Qh4 Kd3 60. Kf5 Ke3 61. Qe4+ Kd2 62. Qf3 Kc2 63. Ke4 Kd2 64. Qe3+ Kc2 65. Qd3+ Kb2 66. Kd4 Ka1 67. Qd2 Kb1 68. Kc3 Ka1 69.
Qb2# 1-0

[Event "*** Titled Tuesday 3|2 Blitz"]
[Site "Chess.com"]
[Date "2015.03.03"]
[Round "6"]
[White "GGuseinov"]
[Black "megarompa"]
[Result "0-1"]
[WhiteElo "2548"]
[BlackElo "2661"]
[TimeControl "180+2"]
[EndTime "12:16:03 PST"]
[Termination "megarompa won by resignation"]

1. e4 c5 2. Nf3 e6 3. d4 cxd4 4. Nxd4 Nf6 5. Nc3 Nc6 6. Nxc6 bxc6 7. e5 Nd5 8. Ne4 Qc7 9. f4 Qb6 10. c4 Ne3 11. Qd3 Bb4+ 12. Bd2 Rb8 13. b3 O-O 14. Bxb4 Qxb4+ 15. Ke2 Nf5 16. g4 Nh4 17. g5 c5 18. Rg1 Bb7 19. Nf6+ gxf6 20. gxf6+ Kh8 21.
Rg7 Bf3+ 22. Kf2 Nf5 23. Qxf3 Nxg7 24. fxg7+ Kxg7 25. Rd1 Qa5 26. Rxd7 Rfd8 27. Rxd8 Rxd8 28. Qg4+ Kf8 29. Qg5 Qxa2+ 30. Kg1 Qd2 31. Qh6+ Kg8 32.
Qg5+ Kf8 33. Qh6+ Ke8 34. h3 Qe3+ 35. Kh1 Rd2 36. Qh5 Qxf4 37. Bg2 Rc2 38. Bc6+ Kd8 39.
Qd1+ Rd2 40. Qg1 Qxe5 41. Qg8+ Kc7 42. Qxf7+ Kxc6 43. Qe8+ Rd7 44. Qa8+ Kc7 45. Qxa7+ Kd8 46. Qa8+ Ke7 47. Qf3 Qa1+ 48. Kh2 Qb2+ 49. Kg3 Qe5+ 50. Kg2 Rd2+ 51. Kf1 Qa1+ 0-1

[Event "*** Titled Tuesday 3|2 Blitz"]
[Site "Chess.com"]
[Date "2015.03.03"]
[Round "6"]
[White "Hafez_Bakr"]
[Black "Polemistis"]
[Result "0-1"]
[WhiteElo "1813"]
[BlackElo "1485"]
[TimeControl "180+2"]
[EndTime "12:16:08 PST"]
[Termination "Polemistis won on time"]

1. e4 c6 2. d4 d5 3. Nc3 dxe4 4.
Nxe4 Bf5 5. Ng3 Bg6 6. h4 h6 7.
h5 Bh7 8. Nf3 Nd7 9. Bf4 e6 10.
c3 Ngf6 11. Bd3 Bxd3 12. Qxd3 Be7 13. O-O-O O-O 14. Be5 Nd5 15. c4 Nb4 16. Qb1 Qa5 17. a3 Na6 18. Bf4 c5 19. Bd2 Qc7 20. Qe4 cxd4 21. Qxd4 Bf6 22. Qd3 Ndc5 23. Qc2 Nb8 24. Kb1 Nc6 25. Ne4 Nxe4 26. Qxe4 Qb6 27. Qc2 Nd4 28.
Nxd4 Bxd4 29. f4 Rfd8 30. g4 Rac8 31. b4 a5 32. Ka2 axb4 33. Bxb4 Qc6 34. Rc1 Be3 35.
Rce1 Bxf4 36. Re4 b5 37. Rf1 Bg5 38. c5 Rd5 39. Rfe1 Rcd8 40. R4e2 Rd4 41. Rg1 Qd5+ 42.
Kb2 Bf6 43. Bc3 Rc4 44. Rg3 Bxc3+ 45. Rxc3 Qd4 46. Kb3 Ra4 47. Ree3 Rda8 48. Ka2 b4 49. Rcd3 Qxg4 50. Rg3 Qf4 51. c6 Qc7 0-1

[Event "*** Titled Tuesday 3|2 Blitz"]
[Site "Chess.com"]
[Date "2015.03.03"]
[Round "6"]
[White "kesarev"]
[Black "DanielRensch"]
[Result "1/2-1/2"]
[WhiteElo "2226"]
[BlackElo "2254"]
[TimeControl "180+2"]
[EndTime "12:16:23 PST"]
[Termination "Game drawn by agreement"]

1. Nf3 Nf6 2. c4 e6 3. g3 b6 4. Bg2 Bb7 5. O-O Be7 6. Nc3 c5 7. d4 cxd4 8. Qxd4 d6 9. Bg5 O-O 10. Bxf6 Bxf6 11. Qd3 a6 12. Rfd1 Be7 13. Ng5 Bxg5 14.
Bxb7 Ra7 15. Bg2 Be7 16. f4 Nd7 17. f5 Ne5 18. Qe4 exf5 19. Qxf5 Nxc4 20. Nd5 Bg5 21. h4 Be3+ 22. Kh2 Bh6 23. b3 Ne5 24. Rf1 g6 25. Qc2 Bg7 26. Kh1 b5 27. a4 bxa4 28.
Rxa4 a5 29. Rfa1 h5 30. R1a2 Ng4 31. Bf3 Nf6 32. Qd2 Nxd5 33. Bxd5 Be5 34. Kg2 Kg7 35. Rxa5 Rxa5 36. Rxa5 Qb6 37. Ra4 Qc5 38. Rc4 Qa3 39.
Rc7 Qa6 40. Qd3 Qb6 41. Rb7 Qa5 42. Bc4 Qe1 43. Qf3 Kh6 44. Rxf7 Rxf7 45. Bxf7 Qd2 46. Bc4 Bd4 47. Qf8+ Bg7 48. Qf3 Bd4 49. Qe4 Qe3 50.
Qxe3+ Bxe3 51. Kf3 Bc5 52. g4 g5 53. hxg5+ Kxg5 54. gxh5 Kxh5 55. Ke4 Kg5 1/2-1/2

[Event "*** Titled Tuesday 3|2 Blitz"]
[Site "Chess.com"]
[Date "2015.03.03"]
[Round "6"]
[White "Chesseducation4u"]
[Black "jcibarra"]
[Result "1/2-1/2"]
[WhiteElo "2333"]
[BlackElo "2524"]
[TimeControl "180+2"]
[EndTime "12:16:28 PST"]
[Termination "Game drawn by repetition"]

1. Nf3 Nf6 2. g3 g6 3. b3 Bg7 4. Bb2 O-O 5. Bg2 c5 6. O-O Nc6 7. c4 d5 8. cxd5 Qxd5 9. Ne5 Qd6 10. Nxc6 bxc6 11. Na3 Be6 12. Qc2 a5 13. d3 a4 14.
bxa4 Rfb8 15. Bc3 h5 16. Rab1 Rxb1 17. Rxb1 h4 18. Nc4 Bxc4 19. dxc4 hxg3 20. hxg3 Qe6 21. Bxf6 Qxf6 22. Rb6 Qa1+ 23. Kh2 Bd4 24. e3 Kg7 25. Rb1 Rh8+ 26. Bh3 Qc3 27. Qxc3 Bxc3 28. Rc1 Bb4 29. Rc2 e6 30. g4 Kf6 31. Kg3 Ke7 32. Bg2 Kd6 33.
a3 Ba5 34. Rb2 Kc7 35. g5 Rd8 36. Rb3 Rd2 37. Bf1 Ra2 38. f4 Be1+ 39. Kg4 Bd2 40. Kf3 Bc1 41. a5 Bxa3 42. a6 Bb4 43. Rd3 Rxa6 44.
e4 Ra1 45. Bh3 Rc1 46. f5 exf5 47. exf5 Rxc4 48. Rd7+ Kb6 49. Rxf7 gxf5 50. g6 Rc3+ 51. Kg2 Rc2+ 52. Kf3 Rc3+ 53. Kg2 Rc2+ 54. Kf3 Rc3+ 1/2-1/2

[Event "*** Titled Tuesday 3|2 Blitz"]
[Site "Chess.com"]
[Date "2015.03.03"]
[Round "6"]
[White "biostatistician"]
[Black "Gevorg_Harutjunyan"]
[Result "0-1"]
[WhiteElo "2303"]
[BlackElo "2505"]
[TimeControl "180+2"]
[EndTime "12:16:58 PST"]
[Termination "Gevorg_Harutjunyan won by resignation"]

1. d4 Nf6 2. Nf3 g6 3. c4 Bg7 4. Nc3 d6 5. e4 O-O 6. Be2 e5 7. dxe5 dxe5 8. Qxd8 Rxd8 9. Bg5 c6 10. Nxe5 Re8 11. O-O-O Na6 12. Rd6 Be6 13. f4 Nc5 14. Bf3 h6 15. Bh4 g5 16. Bf2 Na6 17. g3 Bf8 18.
Rd2 Nc5 19. Rhd1 a5 20. Kc2 a4 21. Bd4 Be7 22. Rg1 a3 23. b3 Na6 24. Nd3 Red8 25. Bb6 Nb4+ 26. Nxb4 Rxd2+ 27. Kxd2 Bxb4 28. Kc2 g4 29.
Bg2 c5 30. Rd1 Re8 31. Rd8 Bd7 32. Rxe8+ Bxe8 33. Bc7 Bc6 34. Nd5 Ne8 35. Ne7+ Kf8 36. Nxc6 Nxc7 37. Nxb4 cxb4 38. e5 b6 39. Bd5 Na6 40. f5 Nc5 41. Bc6 Ke7 42. Bb5 Ne4 43.
Bc6 Nc3 44. Bb7 Nxa2 45. Bc8 Nc3 46. f6+ Kd8 47. Bxg4 b5 48. cxb5 Nxb5 49. e6 Nd4+ 50. Kb1 fxe6 51. Bd1 Ke8 52. Bh5+ Kf8 53. Ka2 e5 54. g4 e4 55. h4 Nf3 56. g5 hxg5 57. hxg5 Nxg5 58. Bg6 e3 59. Bh5 Ne4 60. Ka1 Nxf6 61.
Be2 Ne4 62. Bc4 Nc3 63. Be6 e2 0-1

[Event "*** Titled Tuesday 3|2 Blitz"]
[Site "Chess.com"]
[Date "2015.03.03"]
[Round "6"]
[White "Rijeka1999"]
[Black "KyronGriffith"]
[Result "1-0"]
[WhiteElo "2249"]
[BlackElo "2159"]
[TimeControl "180+2"]
[EndTime "12:17:05 PST"]
[Termination "Rijeka1999 won by checkmate"]

1. e4 c5 2. Nf3 d6 3. Bb5+ Nd7 4. O-O Nf6 5. Nc3 a6 6. Bxd7+ Bxd7 7.
d4 cxd4 8. Qxd4 e5 9. Qd3 h6 10.
Be3 Be7 11. Rfd1 Qc7 12. a4 b6 13. Nd2 Be6 14. f4 exf4 15. Bxf4 O-O 16. Nf3 Rfd8 17. Nd5 Nxd5 18. exd5 Bg4 19. Re1 Bf6 20. c3 Bxf3 21.
Qxf3 Bg5 22. Bxg5 hxg5 23. Qf5 Re8 24. Qxg5 Qc5+ 25. Kh1 Rxe1+ 26. Rxe1 Qf2 27. Qc1 b5 28. axb5 axb5 29. Rf1 Qc5 30. Qd1 b4 31. Qf3 Rf8 32. h3 bxc3 33. bxc3 Qc7 34. Rc1 Rc8 35. c4 Qc5 36. Qg4 Re8 37. Rf1 Qe3 38. Qf4 Qxf4 39.
Rxf4 Re1+ 40. Kh2 Rc1 41. Re4 Kf8 42. Kg3 f5 43. Re6 Rxc4 44. Rxd6 Ke7 45. Ra6 Rd4 46. Ra7+ Kf6 47. Ra6+ Kg5 48. d6 Rd3+ 49. Kh2 Kf4 50. Ra7 g5 51. d7 g4 52. hxg4 Kxg4 53. Rc7 Rd6 54. Kg1 Rd2 55. Kf1 f4 56. Ke1 Rd6 57. Ke2 Kg3 58. Rc6 Rxd7 59. Rg6+ Kh2 60. Kf3 Rf7 61.
Rh6+ Kg1 62. Rh4 Kf1 63. Rh1# 1-0

[Event "*** Titled Tuesday 3|2 Blitz"]
[Site "Chess.com"]
[Date "2015.03.03"]
[Round "6"]
[White "petrpalachev"]
[Black "AndreyOstrovskiy"]
[Result "1-0"]
[WhiteElo "2449"]
[BlackElo "2348"]
[TimeControl "180+2"]
[EndTime "12:17:13 PST"]
[Termination "petrpalachev won by resignation"]

1. d4 Nf6 2. c4 e6 3. Nc3 Bb4 4. e3 b6 5. Qf3 d5 6. Bd3 Ba6 7. Qe2 O-O 8. Nf3 c5 9. cxd5 Bxd3 10. Qxd3 Qxd5 11. O-O Bxc3 12. bxc3 Nc6 13. c4 Qe4 14. Qxe4 Nxe4 15. Bb2 Na5 16. Rac1 Rfd8 17. Rfd1 f6 18. Nd2 Nxd2 19. Rxd2 cxd4 20. exd4 Rac8 21. Rdc2 Rc6 22. c5 Rdc8 23. f3 Kf7 24. Ba3 b5 25. Bb4 Nb7 26. a4 bxa4 27. Ra1 Ra6 28. Rca2 Nd8 29. Rxa4 Rxa4 30. Rxa4 Nc6 31. Bc3 Ke8 32. Kf2 Rb8 33. Ke3 Kd7 34. Ra1 Kc7 35. Kd3 Rd8 36.
Kc4 Rd5 37. Re1 Kd7 38. Ra1 h5 39. Rb1 Kc8 40. Re1 Kd7 41. Rb1 Kc8 42. Re1 Nd8 43. Ra1 Nc6 44. Re1 Kd7 45. Rb1 Kc7 46. Re1 Kd7 47.
Rb1 Rg5 48. Rb2 h4 49. Rb7+ Kc8 50. Rb2 Rd5 51. Re2 Kd7 52. g4 f5 53. h3 fxg4 54.
fxg4 Ne7 55. Rf2 Ke8 56. Ra2 Nc6 57. Rb2 Rd7 58. Re2 Kf7 59. Rf2+ Ke7 60. Ra2 Kf6 61. Ra6 Ne7 62. d5+ Kf7 63. dxe6+ 1-0

[Event "*** Titled Tuesday 3|2 Blitz"]
[Site "Chess.com"]
[Date "2015.03.03"]
[Round "6"]
[White "Cryptochess"]
[Black "MattyDPerrine"]
[Result "1/2-1/2"]
[WhiteElo "2388"]
[BlackElo "2191"]
[TimeControl "180+2"]
[EndTime "12:18:14 PST"]
[Termination "Game drawn by agreement"]

1. e4 c5 2. Nc3 Nc6 3. g3 g6 4. Bg2 Bg7 5. d3 Rb8 6. Be3 d6 7. Nge2 Nd4 8. O-O b5 9. Qd2 e6 10. Nc1 Ne7 11. Nd1 b4 12. c3 bxc3 13. bxc3 Ndc6 14. Ne2 Qa5 15. Bh6 O-O 16. Bxg7 Kxg7 17.
f4 f5 18. exf5 gxf5 19. Ne3 Ba6 20. g4 Qb5 21. Nc4 d5 22. a4 Qb3 23. Ne5 Qb7 24.
Ng3 Qc7 25. Rae1 Rbe8 26. Qf2 Nxe5 27. Rxe5 Ng6 28. gxf5 Nxe5 29. fxe5 Qxe5 30. f6+ Kh8 31. d4 cxd4 32. cxd4 Qg5 33. f7 Re7 34. Re1 Rfxf7 35.
Qb2 Qf4 36. Bf1 Bxf1 37. Rxf1 Qe3+ 38. Kg2 Rxf1 39. Nxf1 Rg7+ 40. Ng3 Qe4+ 41. Kf2 Qf4+ 42. Kg2 Rf7 43. Qe2 Qxd4 44. Qxe6 Qf2+ 45. Kh3 Qf3 46.
Qe8+ Kg7 47. Qe5+ Kg8 48. Qg5+ Kh8 49. Qd8+ Rf8 50. Qg5 Qf6 51. Qxd5 Qh6+ 52. Kg2 Qf6 53. Qe4 Qg5 54. Qd4+ Qg7 55. Qc5 Rg8 56. a5 Qg6 57.
Qxa7 h5 58. Qd4+ Kh7 59. Qh4 Qc6+ 60. Kh3 Qe6+ 61. Kg2 Qe2+ 62. Kh3 Qg4+ 63. Qxg4 hxg4+ 64. Kh4 Ra8 65. Kxg4 Rxa5 66. h4 Kg6 67. Ne2 Ra4+ 68. Nf4+ Kh6 69. h5 Rc4 70. Kf3 Kg5 71. Ne6+ Kxh5 72.
Ke3 Ra4 73. Nd4 Kg6 74. Ke4 Kf6 75. Kd5 Ra1 76. Ke4 Re1+ 77. Kf4 Rd1 78. Ke4 Ra1 79. Kd5 Ra5+ 80. Ke4 Kg5 81. Nf3+ Kg4 82. Ne5+ Kg3 83. Nd3 Ra4+ 84. Ke3 Ra8 85. Ke4 Re8+ 86. Ne5 Kh4 87. Kf5 Rf8+ 88. Ke4 Kg5 89. Nf3+ Kf6 90. Nd4 Re8+ 91. Kd5 Rd8+ 92. Ke4 Re8+ 1/2-1/2

[Event "*** Titled Tuesday 3|2 Blitz"]
[Site "Chess.com"]
[Date "2015.03.03"]
[Round "6"]
[White "exoticprincess"]
[Black "EltajSafarli"]
[Result "1/2-1/2"]
[WhiteElo "2787"]
[BlackElo "2681"]
[TimeControl "180+2"]
[EndTime "12:18:28 PST"]
[Termination "Game drawn by agreement"]

1. b3 Nf6 2. Bb2 g6 3. Nc3 d5 4. e3 Bg7 5. d4 O-O 6. Qd2 c5 7. O-O-O cxd4 8. exd4 Nc6 9. f3 a5 10. Kb1 a4 11. Nxa4 Rxa4 12. bxa4 Ne8 13. h4 Nd6 14. h5 Qb6 15. Qc3 Be6 16. hxg6 hxg6 17. Qc5 Qc7 18. Bb5 Rc8 19. Ne2 Qd8 20. Qa3 Na5 21. g4 Ndc4 22. Qd3 Nxb2 23. Kxb2 Bd7 24. Kc1 Bxb5 25. Qxb5 Nc4 26.
Rd3 e6 27. f4 Nd6 28. Qb3 Ne4 29. Rf3 Rc4 30. f5 exf5 31. gxf5 g5 32. Qxb7 Rxa4 33. Nc3 Ra3 34. f6 Bxf6 35. Nxd5 Rxf3 36. Nxf6+ Rxf6 37. Qxe4 Re6 38. Qh7+ Kf8 39. Rf1 f6 40. Qh8+ Ke7 41.
Qg7+ Kd6 42. Rf3 Qe7 43. Qg8 Qe8 44. Qxe8 Rxe8 45. Rxf6+ Kd5 46. Rf5+ Kxd4 47. Rxg5 Kc4 48. Rg4+ Kc3 49. Rg3+ Kc4 50. Kb2 Rb8+ 51. Rb3 Ra8 52. a3 Ra7 53. Rb4+ Kc5 54. Kb3 Rh7 55. a4 Rh3+ 56.
c3 Rh1 57. Rb5+ Kc6 58. Rg5 Rb1+ 59. Kc4 Ra1 60. Rg6+ Kb7 61. Kb5 Rb1+ 62. Kc5 Ra1 63. Rg7+ Ka6 64. c4 Rxa4 65. Kd5 Ra1 66. c5 Rh1 67. c6 Rd1+ 68. Kc5 Rc1+ 69. Kd6 Rd1+ 70. Kc7 Rh1 71. Rd7 Rh8 72. Re7 Rg8 73. Rh7 Ka7 74.
Rd7 Rh8 75. Rd6 Rg8 76. Rd8 Rg7+ 77. Rd7 Rg8 78. Re7 Rh8 79. Re6 Rh7+ 80. Kd8 Kb8 81.
Re8 Rc7 82. Re6 Rh7 83. Re1 Rh8+ 84. Kd7 Rh7+ 85. Kd6 Rh6+ 86. Kc5 Rh2 87. Re8+ Kc7 88. Re7+ Kc8 1/2-1/2

[Event "*** Titled Tuesday 3|2 Blitz"]
[Site "Chess.com"]
[Date "2015.03.03"]
[Round "6"]
[White "DanielNaroditsky"]
[Black "AkshatChandra"]
[Result "1/2-1/2"]
[WhiteElo "2597"]
[BlackElo "2545"]
[TimeControl "180+2"]
[EndTime "12:19:28 PST"]
[Termination "Game drawn by repetition"]

1. e4 c5 2. Nf3 Nc6 3. Bb5 d6 4.
O-O Bd7 5. Re1 Nf6 6. c3 a6 7. Bf1 Bg4 8. h3 Bxf3 9. Qxf3 e6 10. d3 Be7 11. Nd2 O-O 12. Qd1 Qc7 13. Nf3 Rfd8 14. Bf4 b5 15. d4 e5 16. Bh2 Qb6 17. d5 Nb8 18. a4 Nbd7 19. a5 Qc7 20. b3 Bf8 21. g4 g6 22. Bg3 Bg7 23. Nd2 Re8 24.
c4 b4 25. Bd3 Bh6 26. Nf1 Qd8 27. Qf3 Rf8 28. Bh4 Bg7 29. Ne3 Kh8 30. Kh1 Qe8 31.
Rg1 Ng8 32. Rg2 Bf6 33. Bg3 Qd8 34. Qe2 Bh4 35. Bh2 Bg5 36. Nc2 Bf4 37. Ne1 Ne7 38. Nc2 Bxh2 39. Kxh2 f6 40. Ne3 Rf7 41. h4 Qc7 42. Kh3 Raf8 43. Rg3 Qd8 44. Kg2 Qc7 45. Kf1 Qd8 46. Ke1 Rg8 47. Kd2 Rgf8 48. Kc2 Rg8 49. Rh3 Rgf8 50. Rg3 Nc8 51. Qd1 Qc7 52. Qc1 Qd8 53.
Qb2 Ne7 54. Qa2 Qc7 55. Rh1 Qd8 56. Rg2 Kg8 57. Kb1 Rg7 58. f3 Qc7 59. Be2 Qd8 60. Qa4 Rff7 61. g5 f5 62. h5 gxh5 63. Rxh5 fxe4 64.
fxe4 Nf8 65. Ng4 Neg6 66. Nf6+ Kh8 67. Ne8 Rg8 68. Nf6 Rgg7 69. Qe8 Qxe8 70. Nxe8 Nf4 71. g6 Nxh5 72. Bxh5 hxg6 73. Bg4 Rf1+ 74. Kc2 Rgf7 75. Rh2+ Rh7 76. Rg2 Rhf7 77. Kd3 R1f2 78. Rxf2 Rxf2 79. Nxd6 Rf4 80. Be2 g5 81. Nb7 Nd7 82. Nd8 g4 83. Ne6 g3 84. Nxf4 exf4 85. Bf3 Kg7 86. e5 Nxe5+ 87. Ke4 Nxf3 88. Kxf3 Kf6 89. Kg2 Ke5 90. Kf3 Kf5 91. Kg2 Ke5 92. Kf3 Kd6 93. Kg2 Kd7 94.
Kf3 Kd8 95. Kg2 Ke8 96. Kf3 Kf7 97. Kg2 Kg6 98. Kf3 Kf6 99. Kg2 Kg5 100. Kf3 Kf5 101. Kg2 Ke5 102. Kf3 Kd6 103. Kg2 Kd7 104. Kf3 Ke7 105. Kg2 Kf6 106. Kf3 Kg6 107. Kg2 Kg5 108. Kf3 Kf5 109. Kg2 1/2-1/2

[Event "*** Titled Tuesday 3|2 Blitz"]
[Site "Chess.com"]
[Date "2015.03.03"]
[Round "7"]
[White "Polemistis"]
[Black "Schemato"]
[Result "0-1"]
[WhiteElo "1458"]
[BlackElo "2070"]
[TimeControl "180+2"]
[EndTime "12:24:32 PST"]
[Termination "Schemato won by resignation"]

1. d4 e6 2. c4 f5 3. Nc3 Nf6 4. Bg5 b6 5. e4 fxe4 6. Bxf6 Qxf6 7.
Nxe4 Bb4+ 8. Nc3 O-O 9. Nf3 Bb7 10. Be2 d6 11. O-O Bxc3 12. bxc3 Nd7 13. Ne1 e5 14. Bf3 Bxf3 15. Nxf3 Rae8 16. Qa4 Re7 17. Qxa7 e4 18.
Nd2 Qg5 19. Rad1 Nf6 20. Qb7 e3 21. Nf3 exf2+ 22. Rxf2 Qh6 23. Nh4 Qxh4 0-1

[Event "*** Titled Tuesday 3|2 Blitz"]
[Site "Chess.com"]
[Date "2015.03.03"]
[Round "7"]
[White "Colombiano07"]
[Black "kinetix"]
[Result "0-1"]
[WhiteElo "1935"]
[BlackElo "1569"]
[TimeControl "180+2"]
[EndTime "12:25:23 PST"]
[Termination "kinetix won by resignation"]

1. e4 Nf6 2. Nc3 d6 3. d4 c6 4.
a4 g6 5. Bc4 Bg7 6. Qe2 O-O 7.
e5 dxe5 8. dxe5 Nd5 9. Bd2 a5 10. Nf3 Na6 11. O-O Nab4 12. Bb3 Bg4 13. Rfe1 Qc7 14.
Nxd5 Nxd5 15. Bxd5 cxd5 16. Bc3 Rfd8 17. h3 Bxf3 18. Qxf3 d4 19. e6 dxc3 20. Qxf7+ Kh8 21. bxc3 Rf8 0-1

[Event "*** Titled Tuesday 3|2 Blitz"]
[Site "Chess.com"]
[Date "2015.03.03"]
[Round "7"]
[White "Spas_Kozhuharov"]
[Black "Tomsel"]
[Result "1-0"]
[WhiteElo "2415"]
[BlackElo "2288"]
[TimeControl "180+2"]
[EndTime "12:25:27 PST"]
[Termination "Spas_Kozhuharov won by resignation"]

1. d4 Nf6 2. c4 e6 3. Nc3 Bb4 4. Qc2 c5 5. dxc5 Na6 6. a3 Bxc3+ 7.
Qxc3 Nxc5 8. b4 Nce4 9. Qb2 d5 10. c5 b6 11. f3 bxc5 12. fxe4 Nxe4 13. Qxg7 Kd7 14.
Qxf7+ Kc6 15. Nf3 Rf8 16. Qxh7 Qf6 17. Rb1 Ba6 18. Bb2 Qf4 19. bxc5 Rab8 20. Nd4+ Kxc5 21.
Qe7+ Nd6 22. Nxe6+ 1-0

[Event "*** Titled Tuesday 3|2 Blitz"]
[Site "Chess.com"]
[Date "2015.03.03"]
[Round "7"]
[White "darsen_sanzhaev"]
[Black "Tirantes"]
[Result "1-0"]
[WhiteElo "2181"]
[BlackElo "2072"]
[TimeControl "180+2"]
[EndTime "12:25:33 PST"]
[Termination "darsen_sanzhaev won by resignation"]

1. d4 Nf6 2. c4 e6 3. Nc3 Bb4 4. e3 c5 5. Ne2 cxd4 6. exd4 d5 7. c5 Ne4 8. Bd2 Nxd2 9. Qxd2 a5 10. a3 Bxc3 11. Nxc3 Nd7 12. Bb5 O-O 13. O-O Nf6 14. f4 Bd7 15. Bd3 g6 16. Kh1 a4 17. Rac1 b6 18. Na2 Rc8 19. Nb4 bxc5 20. dxc5 Rc7 21. c6 Bc8 22. Bb5 Ra7 23. Qd4 Ra5 24.
c7 Qe7 25. Nc6 Qd6 26. Qxf6 Re8 27. Nxa5 Rf8 28. Rc6 1-0

[Event "*** Titled Tuesday 3|2 Blitz"]
[Site "Chess.com"]
[Date "2015.03.03"]
[Round "7"]
[White "Mvpag"]
[Black "alturas_pacificas"]
[Result "0-1"]
[WhiteElo "1856"]
[BlackElo "2061"]
[TimeControl "180+2"]
[EndTime "12:26:11 PST"]
[Termination "alturas_pacificas won by resignation"]

1. d4 d5 2. Nf3 c6 3. e3 Bf5 4.
Bd3 Bg6 5. O-O Nf6 6. b3 e6 7. Bb2 Nbd7 8. Ne5 Nxe5 9. dxe5 Nd7 10. Nd2 Be7 11. Nf3 O-O 12. Qe2 Qc7 13. e4 dxe4 14. Bxe4 Rad8 15. Rfd1 Nc5 16. Bxg6 hxg6 17. Ba3 Na6 18.
Bxe7 Qxe7 19. Qc4 Nc7 20. Rd2 Rxd2 21. Nxd2 Rd8 22. Ne4 Rd5 23. Nd6 Ne8 24. Nxe8 Qxe8 25. Re1 Qd7 26. g3 Rd2 27. a4 b5 28. axb5 cxb5 29. Qc5 a5 30. Ra1 Rd1+ 31. Rxd1 Qxd1+ 32. Kg2 Qd5+ 33. Qxd5 exd5 34. Kf1 a4 35. bxa4 bxa4 0-1

[Event "*** Titled Tuesday 3|2 Blitz"]
[Site "Chess.com"]
[Date "2015.03.03"]
[Round "7"]
[White "Chesseducation4u"]
[Black "ChessTrener"]
[Result "0-1"]
[WhiteElo "2328"]
[BlackElo "2452"]
[TimeControl "180+2"]
[EndTime "12:26:21 PST"]
[Termination "ChessTrener won by resignation"]

1. Nf3 Nf6 2. g3 b5 3. Bg2 Bb7 4. O-O e6 5. d3 c5 6. a4 b4 7. e3 d6 8. b3 Nbd7 9. Bb2 Be7 10.
Nbd2 O-O 11. Qe2 Rc8 12. Ne1 Qc7 13. f4 Rfe8 14. g4 Nd5 15. g5 Bf8 16. e4 Nc3 17.
Qg4 d5 18. e5 a5 19. h4 Nb6 20. h5 g6 21. Ndf3 c4 22. Bxc3 bxc3 23. bxc4 dxc4 24.
d4 Nd5 25. Kf2 Nb4 26. Rh1 Bg7 27. Qh4 Be4 28. Rc1 Red8 29. Nh2 Rxd4 30. Bxe4 Rxe4 31. Ng4 Rxf4+ 0-1

[Event "*** Titled Tuesday 3|2 Blitz"]
[Site "Chess.com"]
[Date "2015.03.03"]
[Round "7"]
[White "Mazetovic"]
[Black "MinhGTrAn"]
[Result "1-0"]
[WhiteElo "2478"]
[BlackElo "2418"]
[TimeControl "180+2"]
[EndTime "12:27:04 PST"]
[Termination "Mazetovic won by resignation"]

1. e4 e6 2. d3 d5 3. Nd2 Nf6 4. Ngf3 Nc6 5. Qe2 b6 6. e5 Nd7 7. g3 Bb7 8. Bg2 Qe7 9. O-O O-O-O 10.
c3 Ba6 11. Nb3 f6 12. exf6 gxf6 13. Nbd4 Nxd4 14. Nxd4 Re8 15. b4 Bb7 16. a4 a6 17.
a5 b5 18. c4 Qxb4 19. Ba3 Qc3 20. Bb2 Qb4 21. cxb5 axb5 22. a6 Ba8 23. Rfc1 e5 24. Bc3 Qc5 25. Ba5 Qxd4 26. Rxc7+ Kb8 27. a7+ Qxa7 28.
Rxa7 Kxa7 29. d4 Bc6 30. Bxd5 Bxd5 31. Qxb5 1-0

[Event "*** Titled Tuesday 3|2 Blitz"]
[Site "Chess.com"]
[Date "2015.03.03"]
[Round "7"]
[White "Novak_Pezelj"]
[Black "AUSSIE_PINOY"]
[Result "1-0"]
[WhiteElo "2398"]
[BlackElo "2218"]
[TimeControl "180+2"]
[EndTime "12:27:04 PST"]
[Termination "Novak_Pezelj won by checkmate"]

1. e4 c5 2. Nc3 a6 3. a4 b6 4. Bc4 e6 5. d3 Bb7 6. Nge2 Qc7 7. Bf4 Bd6 8. Bg3 h5 9. Qd2 Nf6 10. Qg5 Nc6 11. Qxg7 Ke7 12. Bh4 Be5 13. f4 Rag8 14. fxe5 Rxg7 15. exf6+ Kf8 16. fxg7+ Kxg7 17. O-O Rh6 18. Bg3 d6 19. h4 Ne5 20. Bxe5+ dxe5 21.
Rf3 Qd6 22. Raf1 f6 23. Nd1 f5 24. Rg3+ Rg6 25. exf5 exf5 26. Rxf5 e4 27. Rf7+ Kh6 28. Rxg6+ Qxg6 29. Nf4 Qd6 30. Ne3 Bc8 31. Ned5 Qe5 32.
Ne7 Qd4+ 33. Kh2 Bg4 34. Ng8# 1-0